 Dungeon Crawl Stone Soup version 0.31-a0-1370-gf52a5a9ab3 (webtiles) character file.

Game seed: 7932925513874702306

15844 Akett the Cleaver (level 12, -7/98 HPs)
             Began as a Formicid Fighter on Dec 24, 2023.
             Was an Elder of Okawaru.
             Mangled by a slime creature (15 damage)
             ... on level 13 of the Dungeon.
             The game lasted 00:54:07 (10345 turns).

Akett the Cleaver (Formicid Fighter)               Turns: 10345, Time: 00:54:08

Health: -7/98      AC: 16    Str: 31    XL:     12   Next: 62%
Magic:  17/17      EV:  8    Int:  9    God:    Okawaru [****..]
Gold:   602        SH: 13    Dex: 13    Spells: 11/11 levels left

rFire   x . .        a - +0 broad axe
rCold   + . .        n - +2 kite shield
rNeg    . . .        t - +0 chain mail
rPois   +            (helmet unavailable)
rElec   +            G - +0 cloak
rCorr   .            o - +0 pair of gloves
SInv    +            x - +0 pair of boots "Xotoy" {Rampage rElec}
Will    +....        (no amulet) Stlth
                     M - +6 ring of strength
HPRegen 0.36/turn    D - ring of ice
MPRegen 0.15/turn

%: clarity, rampage
@: no status effects
A: permanent stasis, dig shafts and tunnels, antennae 3, four strong arms,
clarity, poison resistance
a: Dig, Shaft Self, Renounce Religion, Heroism, Finesse


You were on level 13 of the Dungeon.
You worshipped Okawaru.
Okawaru was greatly pleased with you.
You visited 2 branches of the dungeon, and saw 14 of its levels.

You collected 931 gold pieces.
You spent 329 gold pieces at shops.

Inventory:

Hand Weapons
 a - a +0 broad axe (weapon)
 b - a +2 flail of draining
 i - a +0 sling of freezing
 r - a +1 battleaxe of electrocution
 I - a +2 longbow of flaming
Missiles
 j - 7 throwing nets
 l - 4 curare-tipped darts (quivered)
 s - 27 poisoned darts
Armour
 n - a +2 kite shield (worn)
 o - a +0 pair of gloves (worn)
 t - a +0 chain mail (worn)
 x - the +0 pair of boots "Xotoy" (worn) {Rampage rElec}
   (You bought it in a shop on level 6 of the Dungeon)

   rElec:     It insulates you from electricity.
   Rampage:   It bestows one free step when moving towards enemies.
 G - a +0 cloak (worn)
Jewellery
 k - a +5 ring of evasion
 q - a ring of positive energy
 C - a +4 ring of protection
 D - a ring of ice (right hand)
 J - an amulet of magic regeneration
 L - a +4 ring of protection
 M - a +6 ring of strength (left hand)
 O - a +6 ring of dexterity
Talismans
 e - a beast talisman
Wands
 c - a wand of iceblast (13)
 h - a wand of flame (47)
 H - a wand of mindburst (8)
Scrolls
 u - a scroll of silence
 v - 2 scrolls of vulnerability
 w - a scroll of immolation
 y - 3 scrolls of fear
 z - 4 scrolls of identify
 A - 3 scrolls of enchant armour
 B - 2 scrolls of poison
 F - 2 scrolls of fog
Potions
 f - 2 potions of cancellation
 g - 3 potions of curing
 m - a potion of lignification
 p - a potion of magic
 E - a potion of attraction
 N - 2 potions of enlightenment


   Skills:
 + Level 10.4 Fighting
 * Level 12.3(12.5) Axes
 - Level 3.1(8.5) Maces & Flails
 + Level 10.4 Armour
 - Level 9.0 Shields
 + Level 7.2 Invocations


You had 11 spell levels left.
You didn't know any spells.
Your spell library contained the following spells:

 Spells                   Type           Power      Damage    Failure   Level
 Necrotise                Necr           0%         1d4       90%         1
 Sandblast                Erth           0%         2d4       90%         1
 Sting                    Conj/Alch      0%         1d3       90%         1
 Mercury Vapours          Alch/Air       0%         N/A       97%         2
 Passwall                 Alch/Erth      0%         N/A       97%         2
 Stone Arrow              Conj/Erth      0%         3d7       99%         3
 Vampiric Draining        Necr           0%         2d6       99%         3
 Brom's Barrelling Bould  Conj/Erth      0%         2d3       100%        4
 Ignite Poison            Fire/Alch      0%         N/A       100%        4
 Olgreb's Toxic Radiance  Alch           0%         N/A       100%        4
 Sticky Flame             Fire/Alch      0%         2d4       100%        4
 Agony                    Necr           0%         N/A       100%        5
 Arcjolt                  Conj/Air       0%         1d10      100%        5
 Plasma Beam              Fire/Air       0%         2x1d10    100%        6
 Ignition                 Fire           0%         3d3       100%        8
 Vhi's Electric Charge    Tloc/Air       Unusable   N/A       N/A         4

Dungeon Overview and Level Annotations

Branches:
Dungeon (13/15)            Temple (1/1) D:7            Lair (0/5) D:10
    Orc (0/2) D:12
 Vaults: D:13-14

Altars:
Ashenzari
Cheibriados
Dithmenos
Elyvilon
Fedhas
Gozag
Hepliaklqana
Kikubaaqudgha
Makhleb
Nemelex Xobeh
Okawaru
Qazlal
Ru
Sif Muna
Trog
Uskayaw
Vehumet
Wu Jian
Xom
Yredelemnul
Zin
The Shining One

Shops:
D:6 [   D:7 *   D:9 !(

Portals:
Trove: D:12 (show slimy rune of Zot)
Ice
Cave: D:13


Innate Abilities, Weirdness & Mutations

You cannot be hasted, slowed, berserked, paralysed or teleported.
You can dig through walls and to a lower floor.
You have a pair of large antennae on your head. (SInv)
Your four strong arms can wield two-handed weapons with a shield.
You possess an exceptional clarity of mind.
Your system is resistant to poisons. (rPois)


Message History

You completely miss the slime creature.
You block the slime creature's attack. x3
You slice the slime creature!!
You kill the slime creature!
Okawaru accepts your kill.
You slash the slime creature! x2; You block the slime creature's attack. x2
A slime creature comes into view.
You block the slime creature's attack. The slime creature hits you!
* * * LOW HITPOINT WARNING * * *
You slash the slime creature!
The slime creature is moderately wounded.
You hit the slime creature.
The slime creature hits you but does no damage.
The slime creature hits you.
* * * LOW HITPOINT WARNING * * *
You barely miss the slime creature.
The slime creature is moderately wounded.
You slash the slime creature! You block the slime creature's attack.
The slime creature closely misses you.
You hit the slime creature but do no damage.
The slime creature is moderately wounded.
You barely miss the slime creature. You block the slime creature's attack.
The slime creature hits you.
* * * LOW HITPOINT WARNING * * *
You barely miss the slime creature.
The slime creature is moderately wounded.
You hit the slime creature.
You block the slime creature's attack. x2
You hit the slime creature.
The slime creature is moderately wounded.
You slash the slime creature! You block the slime creature's attack.
The slime creature hits you.
* * * LOW HITPOINT WARNING * * *
You slice the slime creature!!
The slime creature is severely wounded.
You hit the slime creature. You slash the slime creature!
You block the slime creature's attack. x2; The slime creature hits you.
* * * LOW HITPOINT WARNING * * *
You slash the slime creature!
The slime creature is almost dead.
You slash the slime creature! x2; The slime creature hits you!
You die...

,,,,,,,,,,*,,,*,,,,,*
***,,,,,,,*,,,#.....#
,,*,,,,,,,*,,,#.....#
,8***,,,,,+,,,#.....#
,,*,*,,,,,###+#.....#
,**,*,,,,,#...#.....#
,,*,*,,,,,#...#.....#
8,*,*,,,,,#...#.J#..##
,,*,*,,,,,#....J@J...#
***,*,,,,,#....#.∩.#.#
,,,,*,,,,,#..........#
,,*****,,,#...#.!#..##
,********,#...#.....#
,**,,,.####...#.....#
,**,,,*..#....#.....#
+**,{,**#.÷...#.....#
.#***#####....#.....###


You could see 3 slime creatures.

Vanquished Creatures
  Nessos (Arena)
  Fannar (D:12)
  4 two-headed ogres
  Urug (D:11)
  An arcanist (D:9)
  A manticore (D:11)
  Maggie (D:8)
  2 unseen horrors (D:12)
  Jeremiah (D:7)
  A polar bear (D:13)
  2 trolls
  5 shadows
  A slime creature (D:13)
  A wyvern (D:6)
  A vampire (D:10)
  9 yaks (D:10)
  A steam dragon (D:5)
  2 wraiths (D:9)
  8 vampire mosquitoes (D:12)
  An acid dragon (D:11)
  2 water moccasins (D:7)
  8 orc warriors
  2 sky beasts (D:7)
  3 ice beasts
  2 ogres
  A wolf (D:7)
  3 centaurs
  3 kobold brigands
  5 gnoll sergeants
  A bullfrog (D:9)
  4 scorpions
  15 killer bees
  5 howler monkeys
  A crimson imp (D:9)
  2 jellies (D:7)
  6 hounds
  7 orc priests
  4 iguanas
  2 sleepcaps (D:6)
  2 gnoll boudas (D:7)
  8 orc wizards
  32 gnolls
  4 adders
  A shadow imp (D:7)
  2 bombardier beetles
  3 white imps (D:6)
  An ufetubus (D:13)
  4 dart slugs
  39 orcs
  7 ball pythons
  5 bats
  7 endoplasms
  6 giant cockroaches
  5 goblins
  7 hobgoblins
  7 jackals
  6 quokkas
  7 frilled lizards
  18 kobolds
  3 rats
295 creatures vanquished.

Vanquished Creatures (others)
  A gnoll (D:7)
1 creature vanquished.

Grand Total: 296 creatures vanquished

Notes
Turn   | Place    | Note
-------+----------+-------------------------------------------
     0 | D:1      | Akett the Formicid Fighter began the quest for the Orb.
     0 | D:1      | Reached XP level 1. HP: 18/18 MP: 1/1
    45 | D:1      | Reached XP level 2. HP: 24/24 MP: 2/2
    57 | D:1      | Reached skill level 1 in Maces & Flails
   218 | D:1      | Reached XP level 3. HP: 29/29 MP: 3/3
   641 | D:2      | Noticed a scorpion
   660 | D:2      | Killed a scorpion
   661 | D:2      | Reached XP level 4. HP: 26/37 MP: 4/4
   695 | D:2      | Reached XP level 5. HP: 36/42 MP: 5/5
  1431 | D:3      | Gained mutation: Your system is resistant to poisons.
                  | (rPois) [potion of mutation]
  1431 | D:3      | Gained mutation: You possess an exceptional clarity of
                  | mind. [potion of mutation]
  1810 | D:4      | Reached skill level 5 in Shields
  1892 | D:4      | Reached XP level 6. HP: 48/48 MP: 6/6
  1892 | D:4      | Noticed an ogre
  1904 | D:4      | Killed an ogre
  2417 | D:4      | Reached skill level 3 in Axes
  2417 | D:4      | Reached XP level 7. HP: 16/55 MP: 7/7
  2569 | D:5      | Entered Level 5 of the Dungeon
  2693 | D:5      | Reached skill level 5 in Fighting
  2978 | D:5      | Reached skill level 5 in Armour
  3092 | D:5      | Reached skill level 4 in Axes
  3098 | D:5      | Reached XP level 8. HP: 62/62 MP: 8/8
  3454 | D:6      | Reached skill level 5 in Axes
  3802 | D:6      | Found Cexul Palu's Armour Shop.
  3810 | D:6      | Bought the +0 pair of boots "Xotoy" {Rampage rElec} for 259
                  | gold pieces
  3905 | D:6      | Found an ancient bone altar of Kikubaaqudgha.
  3905 | D:6      | Found a shimmering blue altar of Sif Muna.
  3906 | D:6      | Found a broken altar of Ashenzari.
  3906 | D:6      | Found a snail-covered altar of Cheibriados.
  4015 | D:6      | Noticed a wyvern
  4042 | D:6      | Killed a wyvern
  4311 | D:7      | Reached XP level 9. HP: 69/69 MP: 9/9
  4318 | D:7      | Reached skill level 6 in Axes
  4328 | D:7      | Noticed Jeremiah
  4342 | D:7      | Killed Jeremiah
  4572 | D:7      | Reached skill level 7 in Axes
  5046 | D:7      | Found Vyth's Assorted Antiques.
  5050 | D:7      | Bought a scroll labelled VIOTAKH ZAUKA for 30 gold pieces
  5050 | D:7      | Bought a sedimented grey potion for 27 gold pieces
  5188 | D:7      | Reached XP level 10. HP: 72/79 MP: 10/10
  5299 | D:7      | Found a staircase to the Ecumenical Temple.
  5308 | Temple   | Entered the Ecumenical Temple
  5345 | Temple   | Became a worshipper of Warmaster Okawaru
  5471 | D:8      | Reached skill level 8 in Axes
  5888 | D:8      | Noticed Maggie
  5906 | D:8      | Killed Maggie
  5906 | D:8      | Reached * piety under Okawaru
  6195 | D:9      | Reached skill level 9 in Axes
  6214 | D:9      | Reached skill level 1 in Invocations
  6406 | D:9      | Found Pothraf's Distillery.
  6414 | D:9      | Bought a potion of degeneration for 13 gold pieces
  6619 | D:9      | Noticed an arcanist
  6637 | D:9      | Reached ** piety under Okawaru
  6640 | D:9      | Killed an arcanist
  6783 | D:9      | Reached XP level 11. HP: 87/87 MP: 13/13
  6851 | D:9      | Found Puutionn's Weapon Boutique.
  6940 | D:10     | Entered Level 10 of the Dungeon
  7179 | D:10     | Reached *** piety under Okawaru
  7180 | D:10     | Reached skill level 10 in Axes
  7230 | D:10     | Found a staircase to the Lair.
  7876 | D:11     | Noticed a two-headed ogre
  7886 | D:11     | Killed a two-headed ogre
  7886 | D:11     | Reached **** piety under Okawaru
  7915 | D:11     | Reached skill level 5 in Invocations
  8090 | D:11     | Noticed Urug
  8114 | D:11     | Killed Urug
  8422 | D:11     | Noticed a manticore
  8438 | D:11     | Killed a manticore
  8439 | D:11     | Reached skill level 11 in Axes
  8918 | D:12     | Noticed a two-headed ogre
  8941 | D:12     | Killed a two-headed ogre
  8942 | D:12     | Reached XP level 12. HP: 89/97 MP: 13/16
  8958 | D:12     | Reached ***** piety under Okawaru
  9122 | D:12     | Noticed a two-headed ogre
  9137 | D:12     | Killed a two-headed ogre
  9255 | D:12     | Identified the orb "Yreud" {mayhem, Dex+3}
  9309 | D:12     | Noticed Nessos
  9326 | Arena    | Entered the Arena
  9331 | Arena    | Killed Nessos
  9332 | Arena    | Reached skill level 10 in Fighting
  9332 | Arena    | Reached skill level 10 in Armour
  9539 | D:12     | Noticed Fannar
  9575 | D:12     | Killed Fannar
  9576 | D:12     | Reached skill level 12 in Axes
  9800 | D:12     | Found a portal to a secret trove of treasure.
  9868 | D:12     | Found a staircase to the Orcish Mines.
  9969 | D:12     | Noticed a two-headed ogre
  9985 | D:12     | Killed a two-headed ogre
 10241 | D:13     | Noticed a vault guard
 10324 | D:13     | Found a frozen archway.
 10345 | D:13     | Mangled by a slime creature

Illustrated notes

Levels and vault maps discovered:
D:1:      onia_arrival_pyramid, layout_loops_ring
D:2:      layout_rooms
D:3:      minmay_evil_eye, layout_basic
D:4:      layout_basic
D:5:      layout_loops_ring
D:6:      layout_gridville, nicolae_overflow_hidden_temple, serial_shops,
          shop_fountains
D:7:      layout_cave_pools, minmay_temple_entry_waves, serial_gnoll_camp,
          gnoll_camp_medium_01, gnoll_camp_huts_basic, gnoll_camp_mini_shop,
          gnoll_camp_mini_doghouse, uniq_jeremiah
D:8:      layout_rooms, uniq_maggie
D:9:      layout_roguey, serial_shops, shop, shop, corexii_checkpoint,
          minmay_misc_feat_four_crosses, lightli_wizard_tower
D:10:     layout_roguey, lair_entry_dummy, corner_web_ring, bh_walls_and_bars
D:11:     layout_loops_ring, uniq_urug
D:12:     layout_roguey, minmay_orc_entry_temple_small, enter_trove_6,
          uniq_nessos, uniq_fannar
D:13:     layout_gridville, grunt_vaults_entry_fortified, serial_ice,
          serial_ice_f, serial_ice_e, serial_ice_c, serial_ice_j, serial_ice_h,
          serial_ice_o, serial_ice_d, portal_ice_cave_entry_pillars_1,
          grunt_ogre_cave, nicolae_wu_jian_immortal_techniques
Temple:   nicolae_temple_two_arcs

Skill      XL: |  1  2  3  4  5  6  7  8  9 10 11 12 |
---------------+-------------------------------------+-----
Maces & Flails | 1 2 3 |  3.1
Armour         | 4 5 6 7 8 9 10 | 10.4
Fighting       | 4 5 6 7 8 9 10 | 10.4
Shields        | 5 6 7 8 9 |  9.0
Axes           | 3 4 5 7 9 11 12 | 12.3
Invocations    | 2 5 7 |  7.2

Action                     |  1- 3 |  4- 6 |  7- 9 | 10-12 || total
---------------------------+-------+-------+-------+-------++-------
  Melee: War axe           |    83 |   118 |   288 |    99 ||   588
         Flail             |       |     6 |       |       ||     6
         Broad axe         |       |       |       |   460 ||   460
   Fire: Sling             |       |     3 |       |       ||     3
  Throw: Dart              |       |     4 |    22 |    13 ||    39
 Invoke: Heroism           |       |       |       |     6 ||     6
         Finesse           |       |       |       |     2 ||     2
         Duel              |       |       |       |     1 ||     1
Ability: Dig               |       |       |     2 |       ||     2
  Evoke: Wand              |       |       |     1 |       ||     1
    Use: Scroll            |     3 |     7 |     8 |     6 ||    24
         Potion            |     1 |     1 |     4 |     5 ||    11
 Armour: Scale mail        |    60 |    60 |    16 |       ||   136
         Chain mail        |       |       |   160 |   354 ||   514
  Dodge: Dodged            |    56 |    80 |   174 |   257 ||   567
  Block: Buckler           |    26 |    27 |    44 |       ||    97
         Kite shield       |       |       |   102 |   510 ||   612
   Form: Beast             |       |     1 |       |       ||     1
                           |       |       |     1 |       ||     1

Table legend: (Time is in decaauts)
 A = Elapsed time spent in this place.
 B = Non-inter-level travel time spent in this place.
 C = Inter-level travel time spent in this place.
 D = Time resting spent in this place.
 E = Time spent auto-exploring this place.
 F = Levels seen in this place.
 G = Mean time per level.
                   A        B        C        D        E       F      G
               +--------+--------+--------+--------+--------+-----+--------+
         Total |  10526 |  10249 |    277 |   1424 |   4805 |  15 |  701.7 |
       Dungeon |  10457 |  10201 |    256 |   1413 |   4805 |  13 |  804.4 |
        Temple |     44 |     23 |     21 |      0 |      0 |   1 |   44.0 |
         Arena |     24 |     24 |      0 |     11 |      0 |   1 |   24.0 |
               +--------+--------+--------+--------+--------+-----+--------+

Top non-repeatable levels by time:
    D:12: 1356 daAuts
     D:7: 1137 daAuts
    D:11: 1023 daAuts
     D:6: 972 daAuts
    D:10: 910 daAuts
     D:4: 842 daAuts
     D:9: 817 daAuts
     D:5: 791 daAuts
     D:3: 711 daAuts
     D:8: 711 daAuts
     D:1: 670 daAuts
     D:2: 422 daAuts
    D:13: 89 daAuts
  Temple: 44 daAuts
   Arena: 24 daAuts
